cohdb
Replays
Latest Replays
All Replays
Popular Replays
Top Player Replays
Match Explorer
How It Works
Community
CoH3 Stats
Reddit
Sign in to upload your games and track your stats! →
Sign in with Steam
Match 42731139
Unlisted
Match 42731139
Overview
Messages
Build Orders
End
Kradschützen Motorcycle Team
Selects Panzerjäger Kommand Battlegroup
Selects Mine Fields
Panzergrenadier Squad
Panzergrenadier Squad
Construct Light Support Kompanie
MG34 Team
Fire Support Elements
2.5-tonne Medical Truck
Flakvierling Half-track
Selects Defensive Positions
Selects Butterfly Bomb Drop
Panzergrenadier Squad
Pak 38 Anti-tank Gun Team
wayfun
ConcernedApe
badiba
DanTheWaifuMan
Maginpui5
JeffTelo
0
0
Comments
sign in to comment!
No comments posted yet!